 Dungeon Crawl Stone Soup version 0.32-a0-575-gafe9d2b (webtiles) character file.

Game seed: 468914281745687326

22 Dorkslayer the Covered (level 2, -3/25 HPs)
             Began as a Demigod Fighter on Mar 1, 2024.
             Slain by a ribbon worm (6 damage)
             ... on level 2 of the Dungeon.
             The game lasted 00:01:19 (516 turns).

Dorkslayer the Covered (Demigod Fighter)             Turns: 516, Time: 00:01:20

Health: -3/25      AC:  6    Str: 17    XL:     2   Next: 51%
Magic:  4/4        EV:  9    Int: 10    God:
Gold:   24         SH:  4    Dex: 13    Spells: 1/1 levels left

rFire   . .          .
                       - Unarmed
rCold   . . .        b - +0 buckler
rNeg    . . .        a - +0 scale mail
rPois   +            (no helmet)
rElec   .            (no cloak)
rCorr   .            (no gloves)
SInv    .            (no boots)
Will    .....        (no amulet) Stlth
                     d - ring of poison resistance
HPRegen 0.24/turn    (no ring)
MPRegen 0.09/turn

%: no passive effects
@: no status effects
A: high MP 1, forlorn, divine attributes
a: no special abilities


You were on level 2 of the Dungeon.
You visited 1 branch of the dungeon, and saw 2 of its levels.

You collected 24 gold pieces.

Inventory:

Armour
 a - a +0 scale mail (worn)
 b - a +0 buckler (worn)
Jewellery
 d - a ring of poison resistance (left hand)
Scrolls
 e - a scroll of identify {unknown}
 f - a scroll of fog {unknown}
 g - a scroll of vulnerability {unknown}
 h - a scroll of fear {unknown}
Potions
 c - a potion of might


   Skills:
 + Level 2.8 Fighting
 + Level 2.9 Armour
 * Level 0.6 Dodging
 + Level 2.8 Shields
 * Level 2.2 Unarmed Combat


You had one spell level left.
You didn't know any spells.
Your spell library contained the following spells:

 Spells                   Type           Power      Damage    Failure   Level
 Slow                     Hex            0%         N/A       86%         1
 Confusing Touch          Hex            0%         N/A       99%         3
 Inner Flame              Hex/Fire       0%         N/A       99%         3
 Sigil of Binding         Hex            0%         N/A       99%         3
 Vampiric Draining        Necr           0%         2d6       99%         3
 Flame Wave               Conj/Fire      0%         2d4       100%        4
 Sticky Flame             Fire/Alch      0%         2d4       100%        4


Dungeon Overview and Level Annotations

Branches:
Dungeon (2/15)


Innate Abilities, Weirdness & Mutations

You have an increased reservoir of magic. (+10% MP)
You shall have no god before yourself.
Your divine heritage dramatically boosts your attributes as you level up.


Message History

The bat completely misses you. The ribbon worm closely misses you.
You hit the ribbon worm but do no damage.
The ribbon worm is lightly wounded.
The bat barely misses you. The ribbon worm bites you.
You hit the ribbon worm.
The ribbon worm is moderately wounded.
The bat hits you but does no damage. You block the rat's attack.
The ribbon worm expels a string of sticky webbing.
You block the stream of webbing.
You barely miss the ribbon worm.
The ribbon worm is moderately wounded.
The rat closely misses you. You block the bat's attack.
The ribbon worm bites you but does no damage.
You block the rat's attack.
You hit the ribbon worm but do no damage.
The ribbon worm is lightly wounded.
The bat barely misses you. You block the rat's attack.
You barely miss the ribbon worm.
The ribbon worm is lightly wounded.
The ribbon worm bites you. The bat hits you but does no damage.
The rat bites you but does no damage.
You hit the ribbon worm but do no damage.
The ribbon worm is lightly wounded.
The bat hits you but does no damage. The ribbon worm bites you.
* * * LOW HITPOINT WARNING * * *
You block the rat's attack.
You hit the rat.
You kill the rat!
The bat barely misses you. The ribbon worm misses you.
You hit the ribbon worm.
The ribbon worm is moderately wounded.
The bat misses you.
The ribbon worm bites you but does no damage.
You hit the ribbon worm.
The ribbon worm is heavily wounded.
The bat hits you but does no damage.
You hit the ribbon worm.
The ribbon worm is heavily wounded.
The bat hits you but does no damage. x2; The ribbon worm bites you.
You die...

. ..##########
#.......<..#
#..........# ..
#..........#....
................
#.....b@†.......
#......w........
####........####
#.........#
....#...##.#
.#.#.#..## ... #
#.#..... .. #
.....#


You could see a ribbon worm and a bat.

Vanquished Creatures
  3 endoplasms
  3 goblins (D:1)
  2 hobgoblins (D:1)
  4 ball pythons (D:1)
  6 bats (D:1)
  A frilled lizard (D:1)
  A kobold (D:1)
  3 rats
23 creatures vanquished.

Notes
Turn   | Place    | Note
-------+----------+-------------------------------------------
     0 | D:1      | Dorkslayer the Demigod Fighter began the quest for the Orb.
     0 | D:1      | Reached XP level 1. HP: 18/18 MP: 3/3
   163 | D:1      | Reached XP level 2. HP: 24/25 MP: 4/4
   516 | D:2      | Slain by a ribbon worm

Illustrated notes

Levels and vault maps discovered:
D:1:      reono_arrival_forest_river, layout_basic, minmay_indecisive_spiral
D:2:      layout_rooms, minmay_three_crescents

Skill      XL: |  1 |
---------------+----+-----
Unarmed Combat | 2 |  2.2
Fighting       | |  2.8
Armour         | |  2.9
Dodging        | |  0.6
Shields        | |  2.8

Action                     || total
---------------------------++-------
  Melee: Unarmed           ||   108
 Armour: Scale mail        ||   107
  Dodge: Dodged            ||    59
  Block: Buckler           ||    32

Table legend: (Time is in decaauts)
 A = Elapsed time spent in this place.
 B = Non-inter-level travel time spent in this place.
 C = Inter-level travel time spent in this place.
 D = Time resting spent in this place.
 E = Time spent auto-exploring this place.
 F = Levels seen in this place.
 G = Mean time per level.
                   A        B        C        D        E       F      G
               +--------+--------+--------+--------+--------+-----+--------+
         Total |    520 |    520 |      0 |      0 |    228 |   2 |  260.0 |
       Dungeon |    520 |    520 |      0 |      0 |    228 |   2 |  260.0 |
               +--------+--------+--------+--------+--------+-----+--------+

Top non-repeatable levels by time:
     D:1: 494 daAuts
     D:2: 25 daAuts
